 Dungeon Crawl Stone Soup version 0.18-a0-1206-g2bec475 (webtiles) character file.

243 zoolka the Sneak (level 6, 0/39 HPs)
             Began as an Octopode Assassin on Feb 2, 2016.
             Killed by divine providence
             ... invoked by an orc priest
              (12 damage)
             ... on level 4 of the Dungeon.
             The game lasted 00:08:46 (2231 turns).

zoolka the Sneak (Octopode Assassin)                Turns: 2231, Time: 00:08:46

Health: 0/39       AC:  6    Str: 10    XL:     6   Next: 9%
Magic:  6/6        EV: 10    Int: 15    God:
Gold:   173        SH:  7    Dex: 14    Spells: 0 memorised, 5 levels left

rFire  . . .     SeeInvis .     i - +2 short sword (protect)
rCold  . . .     Gourm    .     v - +0 shield
rNeg   . . .     Faith    .     (helmet restricted)
rPois  .         Spirit   .     (no amulet)
rElec  .         Dismiss  .     (no ring)
rCorr  .         Reflect  .     (no ring)
SustAt .         Harm     .     (no ring)
MR     .....                    (no ring)
Stlth  +++++.....               (no ring)
                                (no ring)
                                (no ring)
                                (no ring)

@: not resistant to hostile enchantments, quite stealthy
A: almost no armour, amphibious, 8 rings, constrict 8, camouflage 1, gelatinous
body 1
a: no special abilities


You were on level 4 of the Dungeon.
You were not hungry.

You visited 1 branch of the dungeon, and saw 4 of its levels.

You collected 173 gold pieces.

Inventory:

Hand Weapons
 a - a +2 dagger
 b - a +0 blowgun
 i - a +2 short sword of protection (weapon)
Missiles
 c - 8 poisoned needles
 d - 2 curare-tipped needles
Armour
 v - a +0 shield (worn)
Scrolls
 e - 2 scrolls of enchant armour {unknown}
 h - 4 scrolls of identify {unknown}
 k - 3 scrolls of remove curse {unknown}
 m - a scroll of blinking {unknown}
 n - 2 scrolls of magic mapping {unknown}
 r - 2 scrolls of teleportation {unknown}
 t - a scroll of random uselessness {unknown}
 u - a scroll of immolation {unknown}
Potions
 g - 2 potions of curing {unknown}
 j - a potion of cancellation {unknown}
 l - a potion of heal wounds {unknown}
 p - a potion of brilliance {unknown}
 q - a potion of agility {unknown}
Comestibles
 f - 2 bread rations
 o - a meat ration
 s - a beef jerky
 w - a chunk of flesh


   Skills:
 - Level 2.0 Fighting
 * Level 4.6 Short Blades
 - Level 2.0 Throwing
 + Level 2.6 Dodging
 + Level 6.8 Stealth
 + Level 0.6 Shields


You had 5 spell levels left.
You didn't know any spells.

Dungeon Overview and Level Annotations

Branches:
Dungeon (4/15)
 Temple: D:4-7

Altars:
Elyvilon


Innate Abilities, Weirdness & Mutations

You cannot wear most types of armour.
You are amphibious.
You can wear up to eight rings at the same time.
You can use your tentacles to constrict eight enemies at once.
Your skin changes colour to match your surroundings (Stealth).
Your rubbery body absorbs attacks (AC +1).


Message History

You hit the orc but do no damage.
The orc is almost dead.
You constrict the orc.
You kill the orc!
The orc hits you but does no damage.
The giant newt bites you but does no damage.
The orc hits you but does no damage.
An orc comes into view. It is wielding a short sword.
The orc shouts!
You hit the orc. You grab the orc. You squeeze the orc.
You kill the orc!
The orc hits you but does no damage.
The orc priest invokes the aid of Beogh against you.
Something smites you!
* * * LOW HITPOINT WARNING * * *
The giant newt barely misses you. The orc hits you.
* * * LOW HITPOINT WARNING * * *
The orc priest calls down the wrath of Beogh upon you.
Something smites you!
You die...

..# .... ... ..o..
######.####.....
##...............
##..........%.%.#
#.........)o.oo.#.
#..........)o.....
#........ol.......
#.......@.o..>....
#####...............##
.......<.>.........##
#####.#.....#?.....# #
#####/######.# #.# .#
### #


You could see an orc priest, 6 orcs and a giant newt.

Vanquished Creatures
  A giant frog (D:3)
  4 gnolls (D:2)
  5 adders
  3 oozes
  2 worms (D:3)
  3 giant geckos
  4 orcs (D:4)
  4 bats
  2 giant cockroaches
  8 goblins
  10 hobgoblins
  2 jackals (D:1)
  A quokka (D:3)
  4 ball pythons
  3 giant newts
  10 kobolds
  6 rats
72 creatures vanquished.

Notes
Turn   | Place    | Note
--------------------------------------------------------------
     0 | D:1      | zoolka the Octopode Assassin began the quest for the Orb.
     0 | D:1      | Reached XP level 1. HP: 14/14 MP: 1/1
    32 | D:1      | Reached XP level 2. HP: 9/19 MP: 2/2
   328 | D:1      | Reached XP level 3. HP: 24/24 MP: 3/3
   566 | D:2      | Reached skill level 6 in Stealth
   566 | D:2      | Reached XP level 4. HP: 22/29 MP: 4/4
  1383 | D:3      | Reached XP level 5. HP: 34/34 MP: 5/5
  2080 | D:3      | Found a white marble altar of Elyvilon.
  2102 | D:3      | Reached XP level 6. HP: 39/39 MP: 6/6
  2231 | D:4      | Killed from afar by an orc priest

Vault maps used:
D:1:      onia_arrival_handbag
D:3:      lemuel_doored_altar
D:4:      nicolae_overflow_crystal_walls, first_bread

Action                   |  1- 3 |  4- 6 || total
-------------------------+-------+-------++-------
Melee: Dagger            |    18 |       ||    18
       Short sword       |    30 |    81 ||   111
 Stab: Sleeping          |    13 |    18 ||    31
       Distracted        |       |     1 ||     1
  Eat: Chunk             |       |     4 ||     4
